[Event "Early-Titled-Tuesday-Blitz-February-06-2024"]
[Site "Chess.com"]
[Date "2024.02.06"]
[Round "1"]
[White "Elnaz_Kaliakhmet"]
[Black "YouJustFoundYourGodfather"]
[Result "0-1"]
[WhiteElo "2161"]
[BlackElo "2568"]
[TimeControl "180+1"]
[EndTime "8:01:40 PST"]
[Termination "YouJustFoundYourGodfather won by resignation"]

1. d4 e6 2. c4 b6 3. Nf3 Bb7 4. g3 f5 5. Bg2 Nf6 6. O-O Be7 7. Nc3 O-O 8. d5 Qc8 9. Nd4 Na6 10.
dxe6 Bxg2 11. Kxg2 dxe6 12. Nc6 Qb7 13. Qd7 Nxd7 0-1

[Event "Early-Titled-Tuesday-Blitz-February-06-2024"]
[Site "Chess.com"]
[Date "2024.02.06"]
[Round "1"]
[White "EmirhanTarlabasi"]
[Black "NowInChess"]
[Result "1-0"]
[WhiteElo "2645"]
[BlackElo "2319"]
[TimeControl "180+1"]
[EndTime "8:02:08 PST"]
[Termination "EmirhanTarlabasi won by resignation"]

1. d4 Nf6 2. c4 c5 3. d5 b5 4. cxb5 a6 5. bxa6 g6 6. Nc3 Bg7 7. e4 O-O 8. Nf3 Qa5 9. Bd2 Bxa6 10. Bxa6 Qxa6 11. Qe2 Qxe2+ 12. Kxe2 e6 13. Rhc1 exd5 14. exd5 Re8+ 15. Kf1 d6 16. Nb5 Ne4 17. Nc7 Bxb2 18.
Nxa8 Bxc1 19. Rxc1 Na6 20. Nb6 Rb8 21. Nc4 1-0

[Event "Early-Titled-Tuesday-Blitz-February-06-2024"]
[Site "Chess.com"]
[Date "2024.02.06"]
[Round "1"]
[White "IriBu"]
[Black "ideika"]
[Result "1-0"]
[WhiteElo "2561"]
[BlackElo "2133"]
[TimeControl "180+1"]
[EndTime "8:02:32 PST"]
[Termination "IriBu won by resignation"]

1. e4 e5 2. Nf3 Nc6 3. d3 Bc5 4. g3 d6 5. Bg2 Be6 6. O-O f6 7.
c3 Qd7 8. d4 exd4 9. cxd4 Bh3 10. dxc5 h5 11. cxd6 cxd6 12. Bf4 Ne5 13. Bxe5 fxe5 14. Bxh3 Qxh3 15. Qxd6 h4 16. Qg6+ 1-0

[Event "Early-Titled-Tuesday-Blitz-February-06-2024"]
[Site "Chess.com"]
[Date "2024.02.06"]
[Round "1"]
[White "Raud100"]
[Black "Andrey_Klymchuk"]
[Result "0-1"]
[WhiteElo "2436"]
[BlackElo "2782"]
[TimeControl "180+1"]
[EndTime "8:02:34 PST"]
[Termination "Andrey_Klymchuk won by resignation"]

1. d4 Nf6 2. c4 c5 3. d5 b5 4. cxb5 a6 5. bxa6 g6 6. Nc3 Bg7 7.
d6 O-O 8. Nf3 Nxa6 9. g3 exd6 10. Qxd6 Nb4 11. Qd1 d5 12. e3 Bf5 13. Ne5 Nc2+ 0-1

[Event "Early-Titled-Tuesday-Blitz-February-06-2024"]
[Site "Chess.com"]
[Date "2024.02.06"]
[Round "1"]
[White "frequentblunders"]
[Black "Arigu07"]
[Result "0-1"]
[WhiteElo "2174"]
[BlackElo "2568"]
[TimeControl "180+1"]
[EndTime "8:02:38 PST"]
[Termination "Arigu07 won by resignation"]

1. d3 f5 2. f4 Nf6 3. Nf3 e6 4. g3 Bc5 5. Bg2 O-O 6. c3 Nc6 7. Nbd2 Ng4 8. d4 Ne3 9. dxc5 Nxd1 10. Kxd1 Qe7 11. b4 a5 12. b5 Na7 13. a4 Qxc5 14.
Kc2 Qf2 0-1

[Event "Early-Titled-Tuesday-Blitz-February-06-2024"]
[Site "Chess.com"]
[Date "2024.02.06"]
[Round "1"]
[White "JeFumeDesClopes"]
[Black "DarZay"]
[Result "1-0"]
[WhiteElo "2605"]
[BlackElo "2261"]
[TimeControl "180+1"]
[EndTime "8:02:45 PST"]
[Termination "JeFumeDesClopes won by resignation"]

1. Nf3 d5 2. g3 c5 3. Bg2 Nc6 4. O-O e5 5. d3 Nf6 6. c4 d4 7. b4 Bd6 8. b5 Ne7 9. e3 O-O 10. exd4 exd4 11. Bg5 Ng6 12. Nbd2 h6 13. Bxf6 Qxf6 14. Ne4 Qe7 15. Nxd6 Qxd6 16. Nd2 a6 17. Re1 axb5 18. cxb5 Ra3 19. Nc4 1-0

[Event "Early-Titled-Tuesday-Blitz-February-06-2024"]
[Site "Chess.com"]
[Date "2024.02.06"]
[Round "1"]
[White "Ditman2007"]
[Black "GustavoAOliveira"]
[Result "1-0"]
[WhiteElo "2652"]
[BlackElo "2337"]
[TimeControl "180+1"]
[EndTime "8:02:46 PST"]
[Termination "Ditman2007 won by resignation"]

1. e4 Nf6 2. e5 Nd5 3. c4 Nb6 4. d4 d6 5. f4 g6 6. Nc3 Bg7 7. Be3 O-O 8. Be2 N8d7 9. Nf3 c5 10. exd6 exd6 11. O-O Re8 12. Bf2 a6 13. Qd2 Qc7 14.
Rac1 cxd4 15. Bxd4 Nxc4 16. Bxc4 Qxc4 17. Bxg7 Kxg7 18.
Nd5 Qe2 19. Qc3+ Kg8 20. Rfe1 1-0

[Event "Early-Titled-Tuesday-Blitz-February-06-2024"]
[Site "Chess.com"]
[Date "2024.02.06"]
[Round "1"]
[White "Rosh1610"]
[Black "only_strong_moves"]
[Result "0-1"]
[WhiteElo "2352"]
[BlackElo "2673"]
[TimeControl "180+1"]
[EndTime "8:02:49 PST"]
[Termination "only_strong_moves won by resignation"]

1. e4 e5 2. Nf3 Nc6 3. Bb5 a6 4. Ba4 Nge7 5. c3 Ng6 6. d4 exd4 7. cxd4 Bb4+ 8. Nc3 d5 9. O-O dxe4 10. Nxe4 O-O 11.
Bg5 f6 12. Bb3+ Kh8 13. Bd2 Be7 14. Bc3 Bg4 15. h3 Bxf3 16. Qxf3 Nxd4 17. Bxd4 Qxd4 18. Rad1 Qxb2 19. Rd7 Ne5 20. Qf5 Nxd7 21. Qxd7 Qe5 22. Bc2 Rad8 23. Qg4 f5 24. Qh5 g6 25. Qh6 fxe4 26.
Re1 Bg5 0-1

[Event "Early-Titled-Tuesday-Blitz-February-06-2024"]
[Site "Chess.com"]
[Date "2024.02.06"]
[Round "1"]
[White "ReinisUz"]
[Black "Sanyura"]
[Result "0-1"]
[WhiteElo "2355"]
[BlackElo "2673"]
[TimeControl "180+1"]
[EndTime "8:03:21 PST"]
[Termination "Sanyura won by resignation"]

1. c4 Nf6 2. Nc3 g6 3. g3 Bg7 4. Bg2 d6 5. e4 O-O 6. Nge2 e5 7.
O-O Nc6 8. d3 a6 9. h3 b5 10. b3 Rb8 11. Kh2 Nh5 12. g4 Nf4 13. Nxf4 exf4 14. Bb2 Qh4 15. f3 h5 16. Qe1 Qg5 17.
Rb1 Ne5 18. Qe2 hxg4 19. fxg4 Bxg4 20. hxg4 Nxg4+ 21. Kg1 Bd4+ 0-1

[Event "Early-Titled-Tuesday-Blitz-February-06-2024"]
[Site "Chess.com"]
[Date "2024.02.06"]
[Round "1"]
[White "spaski2004"]
[Black "Cheer_Down"]
[Result "1-0"]
[WhiteElo "2969"]
[BlackElo "2506"]
[TimeControl "180+1"]
[EndTime "8:03:23 PST"]
[Termination "spaski2004 won by resignation"]

1. a3 e5 2. e3 d5 3. d4 exd4 4.
exd4 Nf6 5. Bd3 c5 6. dxc5 Bxc5 7. Nc3 O-O 8. Bf4 Ng4 9. Bg3 Re8+ 10. Nge2 Nc6 11.
O-O Be6 12. Nf4 g6 13. Nxe6 1-0

[Event "Early-Titled-Tuesday-Blitz-February-06-2024"]
[Site "Chess.com"]
[Date "2024.02.06"]
[Round "1"]
[White "DonJuanEGenaro"]
[Black "JoliyRoger"]
[Result "1-0"]
[WhiteElo "2036"]
[BlackElo "2532"]
[TimeControl "180+1"]
[EndTime "8:03:24 PST"]
[Termination "DonJuanEGenaro won by resignation"]

1. c4 c5 2. Nc3 Nf6 3. Nf3 e6 4.
e3 Nc6 5. d4 cxd4 6. exd4 d5 7. Be2 Bc5 8. dxc5 d4 9. Nb5 e5 10.
Nd6+ Kf8 11. Nxc8 Rxc8 12. O-O e4 13. Bg5 exf3 14. Bxf3 h6 15. Bh4 Qa5 16. Bxc6 Rxc6 17. Qxd4 Qxc5 18. Qd8+ Ne8 19. Rfe1 Re6 20. Rxe6 fxe6 21.
Rd1 g5 22. Bg3 Rh7 23. Bd6+ 1-0

[Event "Early-Titled-Tuesday-Blitz-February-06-2024"]
[Site "Chess.com"]
[Date "2024.02.06"]
[Round "1"]
[White "FairChess_on_YouTube"]
[Black "jup1978"]
[Result "1-0"]
[WhiteElo "3086"]
[BlackElo "2529"]
[TimeControl "180+1"]
[EndTime "8:03:27 PST"]
[Termination "FairChess_on_YouTube won by resignation"]

1. d4 c5 2. d5 e5 3. e4 d6 4. Nc3 Be7 5. a4 a6 6. a5 Bg5 7. Bxg5 Qxg5 8. Nf3 Qd8 9. Nd2 Ne7 10.
Nc4 O-O 11. Bd3 f5 12. O-O fxe4 13. Nxe4 Nf5 14. f4 exf4 15. Rxf4 Qe7 16. Nb6 Ne3 17. Qf3 Rxf4 18. Qxf4 1-0

[Event "Early-Titled-Tuesday-Blitz-February-06-2024"]
[Site "Chess.com"]
[Date "2024.02.06"]
[Round "1"]
[White "Szczor"]
[Black "wonderfultime"]
[Result "0-1"]
[WhiteElo "2519"]
[BlackElo "3037"]
[TimeControl "180+1"]
[EndTime "8:03:30 PST"]
[Termination "wonderfultime won by resignation"]

1. d4 d5 2. c4 c6 3. Nf3 Nf6 4. Nc3 a6 5. Bg5 dxc4 6. e4 b5 7. e5 Nd5 8. Be2 h6 9. Bh4 Bf5 10.
O-O g5 11. Bg3 e6 12. a4 Nd7 13. Nd2 Nxc3 14. bxc3 Nb6 15. Bf3 Nd5 16. Qc1 Be7 17.
Be4 h5 18. f3 0-1

[Event "Early-Titled-Tuesday-Blitz-February-06-2024"]
[Site "Chess.com"]
[Date "2024.02.06"]
[Round "1"]
[White "KubaGepard"]
[Black "ChampStan"]
[Result "1-0"]
[WhiteElo "2559"]
[BlackElo "2119"]
[TimeControl "180+1"]
[EndTime "8:03:30 PST"]
[Termination "KubaGepard won by resignation"]

1. d4 Nf6 2. Nf3 g6 3. g3 d5 4.
Bg2 Bg7 5. O-O O-O 6. c4 dxc4 7. Na3 Bg4 8. Ne5 c6 9. Nxg4 Nxg4 10. e3 Nf6 11. Nxc4 Nbd7 12. b3 e6 13. Ba3 c5 14.
dxc5 Re8 15. Nd6 Re7 1-0

[Event "Early-Titled-Tuesday-Blitz-February-06-2024"]
[Site "Chess.com"]
[Date "2024.02.06"]
[Round "1"]
[White "Bekkedahl"]
[Black "biostatistician"]
[Result "0-1"]
[WhiteElo "2250"]
[BlackElo "2601"]
[TimeControl "180+1"]
[EndTime "8:03:48 PST"]
[Termination "biostatistician won by resignation"]

1. e4 e5 2. Nf3 Nc6 3. Bb5 Nf6 4.
O-O Nxe4 5. d4 Nd6 6. Bxc6 dxc6 7. dxe5 Nf5 8. Qe2 Nd4 9. Nxd4 Qxd4 10. Rd1 Bg4 11.
Rxd4 Bxe2 12. Nc3 Bh5 13. Bg5 h6 14. Bh4 Bc5 15. Rd2 g5 16. Bg3 Ke7 17. Ne4 Bb6 18. c4 Rad8 19. Kf1 Rxd2 20. Nxd2 Rd8 21. Ke1 Ba5 0-1

[Event "Early-Titled-Tuesday-Blitz-February-06-2024"]
[Site "Chess.com"]
[Date "2024.02.06"]
[Round "1"]
[White "Laico"]
[Black "Mops_2004"]
[Result "1-0"]
[WhiteElo "2392"]
[BlackElo "2674"]
[TimeControl "180+1"]
[EndTime "8:03:50 PST"]
[Termination "Laico won by resignation"]

1. e4 g6 2. Nc3 Bg7 3. f4 c5 4. Nf3 Nc6 5. Bb5 Nd4 6. O-O Nxb5 7.
Nxb5 d6 8. d3 Nf6 9. Nc3 O-O 10.
Qe1 Rb8 11. Qh4 b5 12. f5 b4 13. Ne2 Re8 14. Bh6 Bh8 15. Ng5 e6 16. Nxf7 Qe7 17. fxg6 hxg6 18. Nxh8 1-0

[Event "Early-Titled-Tuesday-Blitz-February-06-2024"]
[Site "Chess.com"]
[Date "2024.02.06"]
[Round "1"]
[White "ChainedDowntohell"]
[Black "LeoWin2012"]
[Result "1-0"]
[WhiteElo "2568"]
[BlackElo "2171"]
[TimeControl "180+1"]
[EndTime "8:03:51 PST"]
[Termination "ChainedDowntohell won by resignation"]

1. d4 Nf6 2. Nf3 e6 3. c4 d5 4. Nc3 c6 5. cxd5 exd5 6. Qc2 Bd6 7. Bg5 O-O 8. e3 h6 9. Bh4 Be6 10. Bd3 Nbd7 11. O-O Re8 12. Rab1 a5 13. a3 Qc7 14. Rfc1 Rec8 15. b4 axb4 16. axb4 b5 17. Bg3 Bxg3 18.
hxg3 Nb6 19. Nxb5 Qd7 20. Ne5 Qe8 21. Nd6 Qf8 22. Nxc8 Rxc8 23. Qc5 1-0

[Event "Early-Titled-Tuesday-Blitz-February-06-2024"]
[Site "Chess.com"]
[Date "2024.02.06"]
[Round "1"]
[White "anasta10"]
[Black "MikeSailer"]
[Result "1-0"]
[WhiteElo "2555"]
[BlackElo "2056"]
[TimeControl "180+1"]
[EndTime "8:03:52 PST"]
[Termination "anasta10 won by resignation"]

1. Nf3 d5 2. d4 Nf6 3. c4 Bf5 4. Nc3 e6 5. Qb3 Nc6 6. a3 Na5 7. Qa4+ c6 8. c5 Be7 9. e3 O-O 10. Be2 b5 11. Qd1 Ne4 12. Nxe4 Bxe4 13. O-O f5 14.
Ne5 Rc8 15. f3 1-0

[Event "Early-Titled-Tuesday-Blitz-February-06-2024"]
[Site "Chess.com"]
[Date "2024.02.06"]
[Round "1"]
[White "smotherhubbard"]
[Black "marcodobrikov"]
[Result "0-1"]
[WhiteElo "2358"]
[BlackElo "2674"]
[TimeControl "180+1"]
[EndTime "8:03:55 PST"]
[Termination "marcodobrikov won by resignation"]

1. d4 Nf6 2. c4 g6 3. f3 c5 4. d5 b5 5. cxb5 a6 6. e4 d6 7. bxa6 Bg7 8. Nc3 O-O 9. Be3 Bxa6 10. Bxa6 Nxa6 11. Nge2 Qb6 12. b3 Nd7 13. O-O Rfb8 14.
Qd2 Nb4 15. Rfb1 Ra3 16. Na4 Qa6 17. Nec3 Nb6 18. Qc1 Nxa4 19. Qxa3 Nxc3 20. Qxa6 Nxa6 21. Re1 Ne2+ 0-1

[Event "Early-Titled-Tuesday-Blitz-February-06-2024"]
[Site "Chess.com"]
[Date "2024.02.06"]
[Round "1"]
[White "Canal_Showdrez"]
[Black "OneTrickPony_82"]
[Result "0-1"]
[WhiteElo "2033"]
[BlackElo "2549"]
[TimeControl "180+1"]
[EndTime "8:04:07 PST"]
[Termination "OneTrickPony_82 won by checkmate"]

1. d4 Nf6 2. Nf3 d5 3. e3 c5 4. b3 cxd4 5. exd4 Nc6 6. a3 Bf5 7. Bd3 e6 8. O-O Bd6 9. Bg5 Bg4 10. c3 h6 11. Bh4 Qc7 12. h3 Bh5 13. b4 Ne4 14. b5 Na5 15. Qe2 f5 16. Rc1 g5 17. Bg3 Bxg3 18. fxg3 Nb3 19. Qb2 Nxc1 20. Qxc1 Bxf3 21. Bxe4 Bxe4 22. Nd2 Qxg3 23. c4 Qxg2# 0-1

[Event "Early-Titled-Tuesday-Blitz-February-06-2024"]
[Site "Chess.com"]
[Date "2024.02.06"]
[Round "1"]
[White "Tssunami"]
[Black "JeRoma71"]
[Result "1-0"]
[WhiteElo "2510"]
[BlackElo "2866"]
[TimeControl "180+1"]
[EndTime "8:04:13 PST"]
[Termination "Tssunami won by resignation"]

1. e4 g6 2. d4 Bg7 3. Nc3 c6 4. Be3 d5 5. Nge2 dxe4 6. Nxe4 Nf6 7. N2c3 O-O 8. Be2 Nbd7 9. O-O Nxe4 10. Nxe4 Nf6 11.
Ng3 b6 12. Bf3 Bb7 13. Re1 Rc8 14. Qd2 Qd7 15. Bh6 c5 16. Bxg7 Kxg7 17. Bxb7 Qxb7 18. Qg5 Kh8 19. Rad1 cxd4 20. Rxd4 Rxc2 21. Rh4 Qd5 22. Qh6 Kg8 23. Ne4 Qxe4 1-0

[Event "Early-Titled-Tuesday-Blitz-February-06-2024"]
[Site "Chess.com"]
[Date "2024.02.06"]
[Round "1"]
[White "alvarorodriguezavila"]
[Black "Goryachkina"]
[Result "1-0"]
[WhiteElo "2385"]
[BlackElo "2669"]
[TimeControl "180+1"]
[EndTime "8:04:15 PST"]
[Termination "alvarorodriguezavila won on time"]

1. e4 c5 2. d4 cxd4 3. c3 dxc3 4. Nxc3 Nc6 5. Bc4 e6 6. Nf3 Nge7 7. Qe2 Ng6 8. h4 Be7 9. h5 Nge5 10. Nxe5 Nxe5 11. Bb3 h6 12. Bf4 Bf6 13. O-O 1-0

[Event "Early-Titled-Tuesday-Blitz-February-06-2024"]
[Site "Chess.com"]
[Date "2024.02.06"]
[Round "1"]
[White "Szachulec75"]
[Black "Russian_berezka"]
[Result "0-1"]
[WhiteElo "2211"]
[BlackElo "2588"]
[TimeControl "180+1"]
[EndTime "8:04:18 PST"]
[Termination "Russian_berezka won by resignation"]

1. Nf3 Nf6 2. g3 d5 3. Bg2 c5 4. d3 g6 5. O-O Bg7 6. Nbd2 O-O 7. e4 Nc6 8. Re1 e5 9. exd5 Nxd5 10. c3 h6 11. a4 b6 12. Nc4 Re8 13. Bd2 Kh7 14. Qc1 Bf5 15. Bf1 Nc7 16. Qc2 Qd7 17.
Ne3 Be6 18. Rad1 Rad8 19. Bc1 f5 20. Bg2 Na5 21. Qe2 Qxa4 22. h4 f4 23. Nf1 Bf5 24.
gxf4 exf4 25. Qd2 Rxd3 0-1

[Event "Early-Titled-Tuesday-Blitz-February-06-2024"]
[Site "Chess.com"]
[Date "2024.02.06"]
[Round "1"]
[White "Schwindle"]
[Black "OK97"]
[Result "0-1"]
[WhiteElo "2458"]
[BlackElo "2835"]
[TimeControl "180+1"]
[EndTime "8:04:20 PST"]
[Termination "OK97 won by resignation"]

1. e4 Nc6 2. d4 d5 3. e5 Bf5 4. Nf3 e6 5. Bb5 Ne7 6. O-O a6 7. Bd3 h5 8. c3 Qd7 9. b4 Bxd3 10. Qxd3 Nf5 11. a4 Be7 12. Nbd2 f6 13. exf6 Bxf6 14. Nb3 b6 15. Re1 O-O 16. Bf4 Nd6 17. Ne5 Bxe5 18. Bxe5 Nc4 19. Bg3 a5 20. b5 Ne7 21.
Qe2 Rf6 22. Qxh5 Nf5 23. Be5 Rh6 24. Qg4 Rf8 25. Ra2 Qf7 26. Rae2 Rg6 0-1

[Event "Early-Titled-Tuesday-Blitz-February-06-2024"]
[Site "Chess.com"]
[Date "2024.02.06"]
[Round "1"]
[White "grunbergmihai"]
[Black "NtcPou"]
[Result "1-0"]
[WhiteElo "2548"]
[BlackElo "2019"]
[TimeControl "180+1"]
[EndTime "8:04:21 PST"]
[Termination "grunbergmihai won by resignation"]

1. e4 c6 2. d4 d5 3. Nc3 dxe4 4.
Nxe4 Bf5 5. Ng3 Bg6 6. f4 e6 7. Nf3 Nf6 8. h4 h6 9. h5 Bh7 10. Be3 Nbd7 11. Bd3 Bxd3 12. Qxd3 Bd6 13. O-O-O Qc7 14.
Ne5 c5 15. Ne4 Nxe4 16. Qxe4 Nf6 17. Qd3 cxd4 18. Qb5+ Nd7 19. Bxd4 O-O-O 20. Nxf7 Bxf4+ 21. Kb1 Nf6 22. Nxd8 Rxd8 23. Bxa7 Nd5 24. c4 Ne3 25. Bb6 Rxd1+ 26. Rxd1 1-0

[Event "Early-Titled-Tuesday-Blitz-February-06-2024"]
[Site "Chess.com"]
[Date "2024.02.06"]
[Round "1"]
[White "DAVIDHDZSTS"]
[Black "valeriocarnicelli"]
[Result "0-1"]
[WhiteElo "1933"]
[BlackElo "2536"]
[TimeControl "180+1"]
[EndTime "8:04:24 PST"]
[Termination "valeriocarnicelli won by checkmate"]

1. d4 Nf6 2. Nc3 e6 3. Bf4 d5 4. Nb5 Na6 5. e3 Be7 6. Nf3 O-O 7. Bd3 Ne4 8. Nd2 c6 9. Nc3 f5 10. Bxa6 bxa6 11. Ne2 a5 12. f3 Nf6 13. O-O Ba6 14. Re1 c5 15. c3 Qb6 16. Rb1 Bd3 17. Ra1 c4 18. b3 Ba3 19. Nc1 Bb2 20. Nxd3 cxd3 21.
Rb1 Bxc3 22. Rf1 Rfc8 23. a3 Rc6 24. Rf2 Rac8 25. b4 axb4 26. axb4 Bxb4 27. Qb3 Rc1+ 28. Nf1 d2 29. Rxd2 Bxd2 30. Qxb6 axb6 31. Rxb6 Nh5 32.
Be5 Bxe3+ 33. Kh1 Rxf1# 0-1

[Event "Early-Titled-Tuesday-Blitz-February-06-2024"]
[Site "Chess.com"]
[Date "2024.02.06"]
[Round "1"]
[White "FormerProdigy"]
[Black "JonasEilenberg"]
[Result "0-1"]
[WhiteElo "3021"]
[BlackElo "2535"]
[TimeControl "180+1"]
[EndTime "8:04:26 PST"]
[Termination "JonasEilenberg won by resignation"]

1. c4 e6 2. g3 d5 3. Bg2 dxc4 4. Qa4+ Nd7 5. Nf3 a6 6. Qxc4 b5 7. Qc2 Bb7 8. O-O Ngf6 9. b3 c5 10. Bb2 Be7 11. d3 O-O 12. Nbd2 Rc8 13. Rac1 Qb6 14. Rfd1 Rfd8 15. Qb1 Nb8 16. Ne5 Bxg2 17. Kxg2 Nc6 18. Ndf3 Nd5 19. Qa1 Bf6 20. Nxc6 Qxc6 21. Bxf6 Nxf6 22.
Kg1 h6 23. d4 Qb6 24. Rxc5 Rxc5 25. dxc5 Rxd1+ 26. Qxd1 Qxc5 27. Qd8+ Kh7 28. Qd3+ Kg8 29. Kg2 Nd5 30. Ne5 Qc3 31. Qe4 f5 32. Qh4 Qxe5 33. Qd8+ Kh7 34. e3 Qe4+ 35. Kg1 Qb1+ 36.
Kg2 Qxa2 0-1

[Event "Early-Titled-Tuesday-Blitz-February-06-2024"]
[Site "Chess.com"]
[Date "2024.02.06"]
[Round "1"]
[White "SashaKuzhilniy"]
[Black "mertfelin"]
[Result "1-0"]
[WhiteElo "2614"]
[BlackElo "2276"]
[TimeControl "180+1"]
[EndTime "8:04:26 PST"]
[Termination "SashaKuzhilniy won by resignation"]

1. b3 d5 2. Bb2 Bf5 3. d3 Nf6 4. Nd2 e6 5. g3 h6 6. Bg2 Be7 7. e4 dxe4 8. dxe4 Bg6 9. Nh3 O-O 10. Nf4 Bh7 11. O-O c6 12. Qe2 Nbd7 13. Rad1 e5 14.
Nd3 Qc7 15. Nc4 Rfe8 16. Ndxe5 Nxe5 17. Bxe5 Qc8 18. Bxf6 Bxf6 19. Nd6 Qe6 20. Nxe8 Rxe8 21. Rd3 Be5 22. Rfd1 Bc7 23. Rd7 Bb6 24. Rxb7 Bg6 25.
Rbd7 Qf6 26. R7d2 Qb2 27. a4 Ba5 28. Rd6 c5 29. Qb5 1-0

[Event "Early-Titled-Tuesday-Blitz-February-06-2024"]
[Site "Chess.com"]
[Date "2024.02.06"]
[Round "1"]
[White "PLAYER_2006_M"]
[Black "Maxfan2008"]
[Result "0-1"]
[WhiteElo "2987"]
[BlackElo "2526"]
[TimeControl "180+1"]
[EndTime "8:04:29 PST"]
[Termination "Maxfan2008 won by resignation"]

1. e4 c5 2. Nf3 d6 3. d4 cxd4 4. Nxd4 Nf6 5. Nc3 a6 6. a3 e5 7. Nf5 d5 8. Bg5 d4 9. Bxf6 Qxf6 10. Nd5 Qd8 11. Qg4 g6 12. Qg3 Nc6 13. Nxd4 exd4 14. Nc7+ Ke7 15. Nxa8 Bg7 16. Nc7 Be6 17. Qg5+ Bf6 18.
Qc5+ Kd7 19. Nxe6 fxe6 20. O-O-O Be7 21. Qc4 0-1

[Event "Early-Titled-Tuesday-Blitz-February-06-2024"]
[Site "Chess.com"]
[Date "2024.02.06"]
[Round "1"]
[White "Tesla37"]
[Black "ImportedItalianMaple"]
[Result "1-0"]
[WhiteElo "2863"]
[BlackElo "2471"]
[TimeControl "180+1"]
[EndTime "8:04:30 PST"]
[Termination "Tesla37 won by resignation"]

1. e4 g6 2. d4 Bg7 3. Nc3 d5 4.
exd5 Nf6 5. Bb5+ Nbd7 6. Nge2 O-O 7. Nf4 Nb6 8. Qf3 Bg4 9. Qg3 Bf5 10. Be3 Nfxd5 11.
Ncxd5 Nxd5 12. Nxd5 Qxd5 13. c4 Qd6 14. O-O c6 15.
Ba4 Rad8 16. Rfd1 Qb4 17. Bb3 a5 18. Bd2 Qb6 19. c5 Qb5 20. a4 Qa6 21. Bc3 e6 22. Rd2 Be4 23. Rad1 Bd5 24. Bc2 b5 25. Bd3 Qb7 26. axb5 cxb5 27. Bxa5 Ra8 28. b4 Bxd4 29. Bxg6 Bxf2+ 30. Rxf2 hxg6 31. h4 Be4 32. h5 Qe7 33.
h6 g5 34. Qe5 Bg6 1-0

[Event "Early-Titled-Tuesday-Blitz-February-06-2024"]
[Site "Chess.com"]
[Date "2024.02.06"]
[Round "1"]
[White "Salem-AR"]
[Black "FMCASTE"]
[Result "1-0"]
[WhiteElo "2948"]
[BlackElo "2501"]
[TimeControl "180+1"]
[EndTime "8:04:33 PST"]
[Termination "Salem-AR won by resignation"]

1. Nf3 d6 2. d4 Nf6 3. g3 c6 4. Bg2 g6 5. O-O Bg7 6. c4 h5 7. Nc3 Qc7 8. h3 h4 9. g4 Nxg4 10. hxg4 h3 11. Bh1 Bxg4 12. Bf4 e5 13. dxe5 dxe5 14. Bg3 Nd7 15. Ne4 O-O-O 16. Nd6+ Kb8 17. Nxf7 Rde8 18. Nh2 Nc5 19. Nxh8 Rxh8 20. Nxg4 h2+ 21. Nxh2 Qe7 22. Bg2 Ne6 23. e3 Nf4 24. exf4 e4 25.
Re1 Ka8 26. Rxe4 1-0

[Event "Early-Titled-Tuesday-Blitz-February-06-2024"]
[Site "Chess.com"]
[Date "2024.02.06"]
[Round "1"]
[White "TheoSlade"]
[Black "kleinebeer98"]
[Result "0-1"]
[WhiteElo "2462"]
[BlackElo "2849"]
[TimeControl "180+1"]
[EndTime "8:04:35 PST"]
[Termination "kleinebeer98 won on time"]

1. d4 Nf6 2. c4 a6 3. Nc3 b5 4.
cxb5 axb5 5. Nxb5 e5 6. dxe5 Ne4 7. Qd4 Bb7 8. e3 Bc5 9. Qd3 O-O 10. Nf3 Na6 11.
Bd2 Nb4 12. Bxb4 Bxb4+ 13. Nc3 Ra3 14. Rc1 Rxa2 15. Qb1 Qa8 16. Bd3 Nxc3 17. bxc3 Bxc3+ 18. Kf1 g6 19. h4 Rb2 20. Qa1 Rxf2+ 21. Kxf2 Bxa1 22. Rxa1 Qe8 23. h5 Bxf3 24. gxf3 Qxe5 25. hxg6 fxg6 0-1

[Event "Early-Titled-Tuesday-Blitz-February-06-2024"]
[Site "Chess.com"]
[Date "2024.02.06"]
[Round "1"]
[White "SHIVACalypso"]
[Black "Genghis_K"]
[Result "0-1"]
[WhiteElo "2495"]
[BlackElo "2901"]
[TimeControl "180+1"]
[EndTime "8:04:36 PST"]
[Termination "Genghis_K won by resignation"]

1. Nf3 d5 2. c4 d4 3. e3 Nc6 4. exd4 Nxd4 5. Nxd4 Qxd4 6. Nc3 c6 7. d3 Nh6 8. Be3 Qd8 9. d4 Nf5 10. Be2 g6 11. Qd2 Bg7 12. g4 Nxe3 13. fxe3 O-O 14. h4 h6 15. O-O-O c5 16. h5 g5 17. Ne4 cxd4 18.
exd4 f5 19. Nxg5 hxg5 20. Qxg5 Kh8 21. h6 Bf6 22. Qh5 fxg4 23. Bxg4 Bxg4 24. Qxg4 Rg8 25. Qe4 Qc8 26. b3 Rg4 27. Qd5 a5 28. h7 Qd8 29.
Qe6 Rg6 30. Qf5 Rg5 31. Qxf6+ 0-1

[Event "Early-Titled-Tuesday-Blitz-February-06-2024"]
[Site "Chess.com"]
[Date "2024.02.06"]
[Round "1"]
[White "AlexTruskavetsky"]
[Black "semchik73"]
[Result "1-0"]
[WhiteElo "2707"]
[BlackElo "2388"]
[TimeControl "180+1"]
[EndTime "8:04:36 PST"]
[Termination "AlexTruskavetsky won by resignation"]

1. d4 d5 2. c4 c6 3. Nf3 Nf6 4. e3 g6 5. Bd3 Bg7 6. O-O O-O 7. b3 Ne4 8. Bb2 f5 9. Ne5 Nd7 10. f3 Nxe5 11. dxe5 Nc5 12. Be2 dxc4 13. Bxc4+ Be6 14. Qe2 Bxc4 15. Qxc4+ Qd5 16. Qxd5+ cxd5 17. Rd1 e6 18. Bd4 Rac8 19. Nc3 f4 20. exf4 Rxf4 21. Rac1 Nd7 22. Ne2 Rff8 23. f4 g5 24. g3 gxf4 25. Nxf4 Kf7 26. Rf1 Rxc1 27. Rxc1 Bxe5 28. Bxe5 Nxe5 29.
Rc7+ Kf6 30. Rxh7 d4 31. Rh6+ Kf5 32. Rh5+ Ke4 33. Rxe5+ Kxe5 34. Ng6+ Ke4 35. Nxf8 Ke3 36. Kf1 e5 37. Nd7 d3 38. Nxe5 d2 39. Nc4+ 1-0

[Event "Early-Titled-Tuesday-Blitz-February-06-2024"]
[Site "Chess.com"]
[Date "2024.02.06"]
[Round "1"]
[White "GHANDEEVAM2003"]
[Black "Triumphmate"]
[Result "1-0"]
[WhiteElo "3013"]
[BlackElo "2513"]
[TimeControl "180+1"]
[EndTime "8:04:43 PST"]
[Termination "GHANDEEVAM2003 won by resignation"]

1. c4 e6 2. Nf3 d5 3. b3 Be7 4. Bb2 Bf6 5. d4 c5 6. e3 Nc6 7.
cxd5 exd5 8. Bb5 Ne7 9. O-O O-O 10. Qd2 Bg4 11. dxc5 Bxb2 12. Qxb2 Bxf3 13. gxf3 Nf5 14. Nd2 d4 15. e4 Nh4 16. Kh1 Ne5 17. f4 Ng4 18. Be2 f5 19. exf5 Qd5+ 20. f3 Rae8 21. Bc4 1-0